 Dungeon Crawl Stone Soup version 0.17.1-1-g73c8601 (webtiles) character file.

1127 Dickchan the Ruffian (level 8, 0/78 HPs)
             Began as a Troll Monk on Dec 14, 2015.
             Slain by a killer bee (6 damage)
             ... on level 6 of the Dungeon.
             The game lasted 00:10:15 (4730 turns).

Dickchan the Ruffian (Troll Monk)                   Turns: 4730, Time: 00:10:15

Health: 0/78       AC:  5    Str: 22    XL:     8   Next: 13%
Magic:  7/7        EV: 11    Int:  6    God:
Gold:   385        SH:  0    Dex: 12    Spells: 0 memorised, 7 levels left

rFire  . . .     SeeInvis .       - Unarmed
rCold  . . .     Clarity  .     a - +0 robe
rNeg   . . .     SustAt   .     (no shield)
rPois  .         Gourm    +     (helmet restricted)
rElec  .         Spirit   .     (no cloak)
rCorr  .         Warding  .     (gloves unavailable)
rMut   .         Stasis   .     (boots unavailable)
MR     .....                    (no amulet)
Stlth  ++........               (no ring)
                                (no ring)

@: lethally poisoned (0 -> -23), not resistant to hostile enchantments,
unstealthy
A: unfitting armour, claws 3, fast metabolism 3, gourmand, regeneration 2,
shaggy fur 1, tough skin 2
a: no special abilities


You were on level 6 of the Dungeon.
You were very full.

You visited 1 branch of the dungeon, and saw 7 of its levels.
You also visited: Sewer.

You collected 385 gold pieces.

Inventory:

Missiles
 E - 57 stones (quivered)
Armour
 a - a +0 robe (worn)
 s - a +2 hat
 H - a +2 robe of magic resistance
Jewellery
 m - an uncursed ring of stealth {unknown}
 u - an uncursed ring of protection from cold {unknown}
 w - an uncursed ring of fire {unknown}
 G - a cursed -3 ring of evasion {unknown}
Scrolls
 c - 4 scrolls of amnesia {unknown}
 d - 4 scrolls of enchant weapon {unknown}
 e - 3 scrolls of random uselessness {unknown}
 g - 4 scrolls of teleportation {unknown}
 h - 8 scrolls of remove curse {unknown}
 n - 2 scrolls of identify {unknown}
 r - a scroll of fear {unknown}
 t - 2 scrolls of fog {unknown}
 v - 2 scrolls of blinking {unknown}
 x - 2 scrolls of magic mapping {unknown}
 y - a scroll of immolation {unknown}
 C - 2 scrolls of recharging {unknown}
 D - 2 scrolls of noise {unknown}
 F - a scroll of silence {unknown}
Potions
 f - a potion of resistance {unknown}
 i - 2 potions of flight {unknown}
 l - 6 potions of heal wounds {unknown}
 o - 6 potions of agility {unknown}
 p - 5 potions of curing {unknown}
 q - 4 potions of haste {unknown}
 z - a potion of brilliance {unknown}
 A - a potion of ambrosia {unknown}
 B - 3 potions of might {unknown}
Comestibles
 b - 6 bread rations
 j - 4 beef jerkies
 k - 3 meat rations
 J - 3 fruits


   Skills:
 + Level 3.7 Fighting
 * Level 4.1 Throwing
 + Level 4.6 Dodging
 - Level 1.5 Stealth
 * Level 6.9 Unarmed Combat


You had 7 spell levels left.
You didn't know any spells.

Dungeon Overview and Level Annotations

Branches:
Dungeon (7/15)
 Temple: D:4-7

Altars:
Kikubaaqudgha
Makhleb
Qazlal
The Shining One

Annotations:
D:1 1 runed door
D:7 Dickchan's ghost, novice GrFi


Innate Abilities, Weirdness & Mutations

You are too large for most types of armour.
You have claws for hands.
Your metabolism is lightning-fast.
You like to eat raw meat.
You heal very quickly.
You are covered in fur (AC +1).
You have very tough skin (AC +2).


Message History

You are more poisoned.
The killer bee poisons you! The killer bee stings you!
* * * LOW HITPOINT WARNING * * *
You are more poisoned.
The killer bee poisons you! The killer bee closely misses you.
The killer bee stings you but does no damage.
The killer bee stings you.
* * * LOW HITPOINT WARNING * * *
You closely miss the killer bee.
The killer bee is severely wounded.
* * * LOW HITPOINT WARNING * * *
You feel sick. The killer bee stings you!
* * * LOW HITPOINT WARNING * * *
You are more poisoned.
The killer bee poisons you!
The killer bee stings you but does no damage.
The killer bee closely misses you. The killer bee stings you.
* * * LOW HITPOINT WARNING * * *
The killer bee stings you.
You die...

......................#
#+#..#.............##.#
#.###....#########.##.#
..........# ####.##.#
..........# #.......#
#####.....# #..#.##.#
[.........# #..#.##.#
#.........# #..y.##.#
#.##.#..#######.@####.##
..##.#.........yy.....)###
#.......#######..........#
.#...#.## ##.#####.#.#
###....# #># #.#.#
.#...### #.# #.#.# #.#..#
#.# #.#.# #.#..# #.# #.#.#
#.#..# #.# #.#.#


You could see 3 killer bees.

Vanquished Creatures
  Menkaure (D:5)
  A big kobold (Sewer)
  Blork the orc (D:4)
  A crimson imp (D:4)
  3 hounds
  3 orc priests
  4 worker ants
  Jessica (D:3)
  5 orc wizards
  2 hound skeletons
  11 adders
  11 river rats
  A shadow imp (D:6)
  A white imp (D:6)
  2 oozes
  2 adder skeletons (D:5)
  4 worms
  6 giant geckos
  15 orcs
  6 giant cockroaches
  3 hobgoblins
  14 jackals
  A quokka (D:6)
  3 ball pythons (Sewer)
  8 bats
  3 giant newts
  7 goblins
  3 goblin skeletons (D:6)
  A goblin zombie (D:6)
  3 hobgoblin zombies (D:6)
  19 kobolds
  2 orc skeletons (D:6)
  An orc zombie (D:6)
  A quokka skeleton (D:4)
  23 rats
173 creatures vanquished.

Notes
Turn   | Place    | Note
--------------------------------------------------------------
     0 | D:1      | Dickchan the Troll Monk began the quest for the Orb.
     0 | D:1      | Reached XP level 1. HP: 22/22 MP: 0/0
     0 | D:1      | Noticed a jelly
     0 | D:1      | Noticed a jelly
     1 | D:1      | Found a runed door.
   244 | D:1      | Reached XP level 2. HP: 29/29 MP: 1/1
   680 | D:2      | Reached XP level 3. HP: 27/36 MP: 2/2
   728 | D:2      | Found an ancient bone altar of Kikubaaqudgha.
  1122 | D:2      | Reached XP level 4. HP: 42/44 MP: 3/3
  1178 | D:2      | You fall through a shaft!
  1262 | D:3      | Noticed Jessica
  1271 | D:3      | Killed Jessica
  1290 | D:3      | Reached skill level 5 in Unarmed Combat
  1290 | D:3      | Reached XP level 5. HP: 28/50 MP: 4/4
  1830 | D:4      | Noticed Blork the orc
  2055 | D:4      | Reached skill level 1 in Throwing
  2096 | D:5      | Entered Level 5 of the Dungeon
  2106 | D:5      | Reached XP level 6. HP: 46/59 MP: 5/5
  2144 | D:5      | Noticed Menkaure
  2165 | D:5      | Killed Menkaure
  2412 | D:5      | Found a burning altar of Makhleb.
  2412 | D:5      | Noticed a balrug
  2535 | D:5      | Found a glowing drain.
  2543 | Sewer    | Entered a sewer
  2610 | Sewer    | Reached XP level 7. HP: 49/67 MP: 6/6
  2728 | Sewer    | Reached skill level 6 in Unarmed Combat
  3761 | D:6      | Found a glowing golden altar of the Shining One.
  3950 | D:6      | Found a stormy altar of Qazlal.
  4246 | D:7      | Noticed Dickchan's ghost (novice GrFi)
  4408 | D:4      | Killed Blork the orc
  4432 | D:4      | Reached XP level 8. HP: 55/78 MP: 7/7
  4730 | D:6      | Slain by a killer bee

Action                   |  1- 3 |  4- 6 |  7- 9 || total
-------------------------+-------+-------+-------++-------
Melee: Unarmed           |   105 |   166 |   206 ||   477
Throw: Stone             |       |       |    10 ||    10
 Stab: Sleeping          |     3 |     2 |     1 ||     6
  Eat: Chunk             |    16 |    13 |    20 ||    49
